 Dungeon Crawl Stone Soup version 0.30-a0-778-g2ef04afb54 (console) character file.

Game seed: 2755633675282573786

128 rlgrobin the Chopper (level 5, 0/45 HPs)
             Began as a Meteoran Fighter on Feb 17, 2023.
             Was a Follower of Cheibriados.
             Slain by a centaur (1 damage)
             ... on level 6 of the Dungeon.
             The game lasted 00:02:28 (453 turns).

rlgrobin the Chopper (Meteoran Fighter)              Turns: 453, Time: 00:02:29

Health: 0/45       AC:  8    Str: 22    XL:     5   Next: 61%
Magic:  6/6        EV:  9    Int: 12    God:    Cheibriados [*.....]
Gold:   19         SH:  5    Dex: 17    Spells: 4/4 levels left

rFire   . . .      SeeInvis .    a - +0 war axe
rCold   . . .      Faith    .    c - +0 buckler
rNeg    . . .      Spirit   .    b - +0 scale mail
rPois   .          Reflect  .    (no helmet)
rElec   .          Harm     .    (no cloak)
rCorr   .          Rampage  .    (no gloves)
Will    .....                    m - +0 pair of boots Stlth
                                 (no amulet)
HPRegen 0.27/turn                (no ring)
MPRegen 0.10/turn                (no ring)

@: attractive, hasted, glowing
A: sense surroundings 1, otherworldly, glowing, explore regen
a: Renounce Religion, Bend Time


You were on level 6 of the Dungeon.
You worshipped Cheibriados.
Cheibriados was aware of your devotion.
You visited 1 branch of the dungeon, and saw 6 of its levels.

You collected 19 gold pieces.

Inventory:

Hand Weapons
 a - a +0 war axe (weapon)
Missiles
 j - 5 atropa-tipped darts (quivered)
Armour
 b - a +0 scale mail (worn)
 c - a +0 buckler (worn)
 m - a +0 pair of boots (worn)
Wands
 k - a wand of roots (8)
Scrolls
 e - a scroll of amnesia {unknown}
 f - a scroll of summoning {unknown}
 h - 3 scrolls of noise {unknown}
 i - a scroll of fear {unknown}
 n - a scroll of magic mapping {unknown}
Potions
 l - a potion of brilliance {unknown}


   Skills:
 - Level 3.2 Fighting
 + Level 6.2 Axes
 - Level 3.6 Armour
 - Level 3.6 Shields


You had 4 spell levels left.
You didn't know any spells.
Your spell library was empty.

Dungeon Overview and Level Annotations

Branches:
Dungeon (6/15) Zot: 4745
 Temple: D:4-7

Altars:
Cheibriados


Innate Abilities, Weirdness & Mutations

You passively map a small area around you.
You are easily found by Zot.
You glow in the dark.
You regain HP and MP as you explore.


Message History

The centaur misses you. You block the centaur's attack.
The orc hits you but does no damage.
An orc comes into view. It is wielding a +0 mace.
You slash the centaur!
The centaur is heavily wounded.
You closely miss the orc. The centaur hits you.
* * * LOW HITPOINT WARNING * * *
The centaur kicks you but does no damage.
The orc closely misses you.
You barely miss the centaur.
The centaur is heavily wounded.
You hit the orc. You block the centaur's attack. The centaur barely misses you.
You block the centaur's attack.
The centaur kicks you but does no damage.
You barely miss the orc wizard. You hit the orc but do no damage.
You hit the centaur but do no damage.
The centaur hits you but does no damage.
You block the centaur's attack. The orc hits you with a +0 flail.
* * * LOW HITPOINT WARNING * * *
You hit the orc wizard.
The orc wizard is lightly wounded.
You hit the orc. You hit the centaur. You block the centaur's attack.
The centaur closely misses you.
The centaur hits you but does no damage.
The centaur barely misses you.
You hit the orc wizard.
The orc wizard is moderately wounded.
You hit the centaur. You slash the orc!
You kill the orc!
The orc wizard gestures wildly while chanting.
The orc wizard flickers and vanishes!
Deactivating autopickup; reactivate with Ctrl-A.
The centaur barely misses you.
The centaur kicks you but does no damage.
It was a potion of attraction.
You feel attractive to monsters. The orc hits you with a +0 hand axe.
* * * LOW HITPOINT WARNING * * *
You block the centaur's attack. The centaur kicks you.
You die...

#..........# * *,
#..........#
#..........# , ,
#..........#
#.<........# ,
#..........# , ,
#..........# ,
##....####.# * ,,
#..@.#* * , * ,
......c.o......
.......o.......
,...............,
.?............. ,
, ,
..>.......$.... ,
*
,####.##...###..
* **#. #...# ..


You could see a centaur and 2 orcs.

Vanquished Creatures
  8 gnolls
  3 adders
  2 worms (D:2)
  2 orcs
  An endoplasm (D:1)
  2 hobgoblins
  2 ball pythons (D:1)
  2 bats
  A frilled lizard (D:1)
  A kobold (D:1)
24 creatures vanquished.

Notes
Turn   | Place    | Note
-------+----------+-------------------------------------------
     0 | D:1      | rlgrobin the Meteoran Fighter began the quest for the Orb.
     0 | D:1      | Reached XP level 1. HP: 19/19 MP: 2/2
   109 | D:1      | Reached skill level 3 in Axes
   109 | D:1      | Reached XP level 2. HP: 22/26 MP: 3/3
   145 | D:2      | Found a faded altar of an unknown god.
   150 | D:2      | Reached skill level 4 in Axes
   150 | D:2      | Reached XP level 3. HP: 19/31 MP: 4/4
   158 | D:2      | Reached XP level 4. HP: 23/38 MP: 5/5
   168 | D:2      | Prayed at the altar of an unknown god.
   168 | D:2      | Became a worshipper of Cheibriados the Contemplative
   168 | D:2      | Reached * piety under Cheibriados
   196 | D:2      | Reached skill level 5 in Axes
   365 | D:4      | Reached XP level 5. HP: 45/45 MP: 6/6
   372 | D:5      | Entered Level 5 of the Dungeon
   395 | D:5      | Reached skill level 6 in Axes
   438 | D:6      | Noticed a centaur
   453 | D:6      | HP: 1/45 [orc/+0 hand axe (3)]
   453 | D:6      | Slain by a centaur

Illustrated notes

Levels and vault maps discovered:
D:1:      dpeg_arrival_tiny_f, layout_basic, st_stairs_12
D:2:      layout_loops_ring, basic_altar, chequers_ecumenical_altar_simple
D:3:      layout_basic, minmay_misc_feat_roman
D:4:      layout_loops_corners, serial_glass, glass_columns_a, glass_columns_a
D:5:      layout_rooms, lemuel_tele_altar, nicolae_overflow_hidden_temple,
          nicolae_hexahallways
D:6:      layout_gridville, general_overflow_altar, serial_shops,
          nicolae_shop_statue_plus, kennysheep_donut, minmay_misc_feat_pillars

Skill      XL: |  1  2  3  4  5 |
---------------+----------------+-----
Axes           | 3 4 5 6 |  6.2
Fighting       | |  3.2
Armour         | |  3.6
Shields        | |  3.6

Action                     |  1- 3 |  4- 6 || total
---------------------------+-------+-------++-------
  Melee: War axe           |    35 |    33 ||    68
    Use: Potion            |     1 |     2 ||     3
 Armour: Scale mail        |    18 |    14 ||    32
  Dodge: Dodged            |    16 |    21 ||    37
  Block: Buckler           |     5 |    18 ||    23

Table legend: (Time is in decaauts)
 A = Elapsed time spent in this place.
 B = Non-inter-level travel time spent in this place.
 C = Inter-level travel time spent in this place.
 D = Time resting spent in this place.
 E = Time spent auto-exploring this place.
 F = Levels seen in this place.
 G = Mean time per level.
                   A        B        C        D        E       F      G
               +--------+--------+--------+--------+--------+-----+--------+
         Total |    561 |    561 |      0 |      0 |      0 |   6 |   93.5 |
       Dungeon |    561 |    561 |      0 |      0 |      0 |   6 |   93.5 |
               +--------+--------+--------+--------+--------+-----+--------+

Top non-repeatable levels by time:
     D:2: 179 daAuts
     D:1: 126 daAuts
     D:3: 104 daAuts
     D:5: 86 daAuts
     D:4: 47 daAuts
     D:6: 18 daAuts
